 Dungeon Crawl Stone Soup version 0.31-a0-963-ga325b2283a (webtiles) character file.

Game seed: 12648016894841714221

809 croobank the Sneak (level 7, -3/46 HPs)
             Began as an Octopode Ice Elementalist on Oct 24, 2023.
             Was an Initiate of Ashenzari.
             Slain by an ufetubus (4 damage)
             ... on level 5 of the Dungeon.
             The game lasted 00:13:59 (5500 turns).

croobank the Sneak (Octopode Ice Elementalist)      Turns: 5500, Time: 00:13:59

Health: -3/46      AC: -3    Str:  7    XL:     7   Next: 92%
Magic:  8/12       EV: 14    Int: 19    God:    Ashenzari [......]
Gold:   260        SH:  0    Dex: 13    Spells: 6/13 levels left

rFire   . . .        o - +5 Lochaber axe {reach-cleave, Poleaxe Drain}
rCold   . . .        (shield currently unavailable)
rNeg    . . .        (helmet restricted)
rPois   .            (no amulet)
rElec   .            l - ring "Augurer of Ashenzari" {AC+4, Elem, Range} (curse)
rCorr   .            (no ring)
SInv    .            (no ring)
Will    .....        (no ring)
Stlth   ++++         (no ring)
HPRegen 0.27/turn    (no ring)
MPRegen 0.13/turn    (no ring)
                     (no ring)

%: no passive effects
@: about to teleport, corroded, invisible
A: almost no armour, amphibious, 8 rings, camouflage 1, gelatinous body 1,
(nimble swimmer 1), tentacles
a: Renounce Religion, Shatter the Chains


You were on level 5 of the Dungeon.
You worshipped Ashenzari.
Ashenzari was noncommittal.
You visited 2 branches of the dungeon, and saw 6 of its levels.
You also visited: Sewer.

You collected 260 gold pieces.

Inventory:

Hand Weapons
 d - a +1 dagger
 e - a +0 short sword
 f - a +0 flail
 o - the +5 Lochaber axe (weapon) {reach-cleave, Poleaxe Drain}
   (You acquired it on level 4 of the Dungeon)

   Poleaxe:   It uses either Axes or Polearms skill, whichever is higher.
   Drain:     It drains your maximum health when unequipped.
 p - a +5 quarterstaff
Armour
 c - an orb of mayhem
Jewellery
 g - a ring of poison resistance
 l - the cursed ring "Augurer of Ashenzari" (left tentacle) {AC+4, Elem, Range}
   (You found it on level 4 of the Dungeon)

   [ring of protection]

   AC+4:      It affects your AC (+4).
   It has a curse which improves the following skills: Elements: Fire Magic, Ice
   Magic, Air Magic and Earth Magic.
   Ranged Combat: Ranged Weapons and Throwing.
Wands
 s - a wand of acid (8)
Scrolls
 b - 2 scrolls of immolation
 i - 2 scrolls of teleportation
 j - 3 scrolls of noise
 n - 2 scrolls of enchant armour
 q - 2 scrolls of identify
 t - a scroll of fear {unknown}
Potions
 a - 2 potions of magic
 h - a potion of invisibility
 k - 7 potions of enlightenment
 m - a potion of mutation
 r - 2 potions of brilliance
 u - a potion of heal wounds {unknown}
 v - a potion of might {unknown}


   Skills:
 + Level 3.1 Fighting
 * Level 2.5 Axes
 + Level 4.1 Dodging
 + Level 5.7 Stealth
 + Level 3.8 Spellcasting
 + Level 5.4(5.8) Ice Magic


You had 6 spell levels left.
You knew the following spells:

 Your Spells              Type           Power      Damage    Failure   Level
a - Freeze                Ice            100%       1d10      1%          1
b - Frozen Ramparts       Ice            50%        1d8       3%          3
c - Ozocubu's Armour      Ice            25%        N/A       3%          3

Your spell library contained the following spells:

 Spells                   Type           Power      Damage    Failure   Level
 Dazzling Flash           Conj/Hex       6%         N/A       38%         3
 Stone Arrow              Conj/Erth      6%         3d7       38%         3
 Volatile Blastmotes      Fire/Tloc      6%         2d10      38%         3
 Summon Ice Beast         Ice/Summ       14%        N/A       38%         4
 Starburst                Conj/Fire      1%         6d3       100%        6
 Lehudib's Crystal Spear  Conj/Erth      1%         10d2      100%        8
 Maxwell's Capacitive Co  Air            1%         ∞         100%        8
 Animate Armour           Summ/Erth      Unusable   N/A       N/A         4

Dungeon Overview and Level Annotations

Branches:
Dungeon (5/15)             Temple (1/1) D:4           Sewer (visited)

Altars:
Ashenzari
Cheibriados
Dithmenos
Elyvilon
Fedhas
Kikubaaqudgha
Makhleb
Nemelex Xobeh
Okawaru
Qazlal
Sif Muna
Trog
Uskayaw
Vehumet
Wu Jian
Xom
Yredelemnul
Zin
The Shining One

Shops:
D:2 [


Innate Abilities, Weirdness & Mutations

You cannot wear most types of armour.
You are amphibious.
You can wear up to eight rings at the same time.
Your skin changes colour to match your surroundings (Stealth+).
Your rubbery body absorbs attacks. (AC +1, EV +1)
((You are camouflaged when in or above water. (Stealth+)))
You have tentacles for arms and can constrict up to eight enemies at once.


Message History

The jelly is severely wounded.
The jelly hits you but does no damage. The jelly hits you.
The acid corrodes you!
You are splashed with acid!
Casting: Frozen Ramparts (dangerous; 3% risk of failure)
Confirm with . or Enter, or press ? or * to list all spells.
Casting: Frozen Ramparts (dangerous; 3% risk of failure)
Press: ? - help, Dir - look around, f - activate
Okay, then.
Casting: Frozen Ramparts (dangerous; 3% risk of failure)
Confirm with . or Enter, or press ? or * to list all spells.
A film of ice covers your body!
The ufetubus shouts!
You hear an angry hiss.
The jelly hits you.
You are splashed with acid.
An adder comes into view.
Unknown command.
The adder hisses angrily.
You hit the jelly.
Your tentacles burn!
The jelly is severely wounded.
The jelly hits you.
* * * LOW HITPOINT WARNING * * *
You are splashed with acid!
* * * LOW HITPOINT WARNING * * *
The jelly barely misses you.
Okay, then.
Okay, then.
You fade into invisibility!
The ufetubus misses you. The ufetubus closely misses you.
The jelly closely misses you.
An iguana comes into view.
The ufetubus barely misses you. x2
As you read the scroll of teleportation, it crumbles to dust.
You feel strangely unstable. The ufetubus completely misses you.
The ufetubus hits you but does no damage.
The jelly barely misses you. The orc barely misses you.
Your icy armour cracks and falls away as you move.
The jelly attacks as it pursues you! The jelly completely misses you.
The ufetubus hits you.
* * * LOW HITPOINT WARNING * * *
The ufetubus hits you.
You die...

.....##..#...##.# ##.#
...........##...## #.##
...8.....8.#.....# ##.##
.................####..##
.......>...........###..#
...........##............
#l.........##........###.
..........[.#......### #.
...8...o@8...#[...## #.
.#....S5J........#######.
###.#..........<........
.................###...
..........[........ ##.#
..##.#....♣........###.##
...##.....
#.%..♣..............#
.........
#....♣..♣.......###.##
......#...
.....♣.........# #..#


You could see an iguana (wandering, unable to see you), a jelly, an adder
(unable to see you), an ufetubus (unable to see you) and an orc (unable to see
you).

Vanquished Creatures
  Sigmund (D:4)
  A phantom (D:5)
  A scorpion (D:5)
  2 gnoll boudas
  A hound (D:4)
  A jelly (D:4)
  3 iguanas
  An orc wizard (D:4)
  10 adders
  7 gnolls
  4 river rats (Sewer)
  A white imp (D:5)
  2 worms
  2 dart slugs
  5 orcs
  8 bats
  5 endoplasms
  6 giant cockroaches
  2 goblins
  5 hobgoblins
  8 jackals
  7 quokkas
  7 ball pythons
  2 frilled lizards
  5 kobolds
  7 rats
104 creatures vanquished.

Notes
Turn   | Place    | Note
-------+----------+-------------------------------------------
     0 | D:1      | croobank the Octopode Ice Elementalist began the quest for
                  | the Orb.
     0 | D:1      | Reached XP level 1. HP: 11/11 MP: 3/3
   294 | D:1      | Reached XP level 2. HP: 15/17 MP: 3/5
  1047 | D:2      | Found a faded altar of an unknown god.
  1248 | D:2      | Reached XP level 3. HP: 21/21 MP: 6/6
  1423 | D:2      | Found Raen's Armour Shoppe.
  1867 | D:3      | Reached XP level 4. HP: 18/27 MP: 3/7
  1871 | D:3      | Learned a level 3 spell: Frozen Ramparts
  1875 | D:3      | Learned a level 3 spell: Ozocubu's Armour
  1926 | D:3      | Found an ornate altar of the Wu Jian Council.
  1929 | D:3      | Found a burning altar of Makhleb.
  1935 | D:3      | Found a radiant altar of Vehumet.
  2013 | D:3      | Found an ancient bone altar of Kikubaaqudgha.
  2027 | D:3      | Reached skill level 1 in Fighting
  2302 | D:3      | Found a glowing drain.
  2374 | Sewer    | Entered a sewer
  2679 | Sewer    | Reached XP level 5. HP: 33/33 MP: 2/9
  3846 | D:4      | Reached XP level 6. HP: 35/39 MP: 3/10
  4177 | D:4      | Reached skill level 5 in Ice Magic
  4322 | D:4      | Found a staircase to the Ecumenical Temple.
  4329 | Temple   | Entered the Ecumenical Temple
  4339 | Temple   | Became a worshipper of Ashenzari the Shackled
  4369 | D:4      | Reached skill level 5 in Stealth
  4372 | D:4      | Identified a scroll of acquirement
  4372 | D:4      | Acquired the +5 Lochaber axe {reach-cleave, Poleaxe Drain}
  4372 | D:4      | Found the +5 Lochaber axe {reach-cleave, Poleaxe Drain}
  4472 | D:4      | Noticed Sigmund
  4487 | D:4      | Killed Sigmund
  4488 | D:4      | Reached skill level 1 in Axes
  4488 | D:4      | Reached XP level 7. HP: 44/45 MP: 4/12
  4818 | D:5      | Entered Level 5 of the Dungeon
  4891 | D:5      | Found an iron altar of Okawaru.
  5500 | D:5      | HP: 1/46 [ufetubus (2)]
  5500 | D:5      | Slain by an ufetubus

Illustrated notes

Levels and vault maps discovered:
D:1:      dreamdust_arrival_beginning_and_end, layout_basic, due_unseen_surprise
D:2:      layout_basic, serial_shops, shop, ebering_ecumenical_altar_petrified,
          nicolae_titane
D:3:      layout_basic, nicolae_overflow_macrodata_refinement,
          gup_sewer_entry_glass
D:4:      layout_loops_cross, minmay_temple_entry_overgrown, uniq_sigmund
D:5:      layout_layer_cave, nicolae_overflow_crystal_walls, chequers_garden,
          st_stairs_1
Temple:   eino_temple_water

Skill      XL: |  1  2  3  4  5  6  7 |
---------------+----------------------+-----
Stealth        | 3 4 5 |  5.7
Fighting       | 1 2 3 |  3.1
Dodging        | 3 4 |  4.1
Spellcasting   | 3 |  3.8
Ice Magic      | 5 |  5.4
Axes           | 1 2 |  2.5

Action                     |  1- 3 |  4- 6 |  7- 9 || total
---------------------------+-------+-------+-------++-------
  Melee: Unarmed           |    15 |       |       ||    15
         Constrict         |    10 |    28 |     3 ||    41
         Tentacles         |     5 |    11 |     3 ||    19
         Dagger            |    27 |    73 |       ||   100
         Punch             |     1 |     1 |       ||     2
         Quarterstaff      |       |    16 |       ||    16
         Lochaber axe      |       |     2 |    32 ||    34
   Cast: Freeze            |    23 |       |       ||    23
         Frozen Ramparts   |       |    23 |     4 ||    27
         Ozocubu's Armour  |       |    12 |     3 ||    15
 Invoke: Curse Item        |       |       |     1 ||     1
    Use: Scroll            |     4 |     9 |     2 ||    15
         Potion            |       |     1 |     1 ||     2
   Stab: Sleeping          |    13 |    11 |     5 ||    29
 Armour: Skin              |    24 |    33 |    23 ||    80
  Dodge: Dodged            |    27 |    59 |    31 ||   117

Table legend: (Time is in decaauts)
 A = Elapsed time spent in this place.
 B = Non-inter-level travel time spent in this place.
 C = Inter-level travel time spent in this place.
 D = Time resting spent in this place.
 E = Time spent auto-exploring this place.
 F = Levels seen in this place.
 G = Mean time per level.
                   A        B        C        D        E       F      G
               +--------+--------+--------+--------+--------+-----+--------+
         Total |   5532 |   5377 |    155 |    696 |   3781 |   7 |  790.3 |
       Dungeon |   4669 |   4533 |    136 |    688 |   3116 |   5 |  933.8 |
        Temple |     20 |      1 |     19 |      0 |      0 |   1 |   20.0 |
         Sewer |    841 |    841 |      0 |      8 |    665 |   1 |  841.0 |
               +--------+--------+--------+--------+--------+-----+--------+

Top non-repeatable levels by time:
     D:3: 1158 daAuts
     D:4: 1041 daAuts
     D:2: 967 daAuts
   Sewer: 841 daAuts
     D:1: 791 daAuts
     D:5: 710 daAuts
  Temple: 20 daAuts
